[Event "Titled Tuesday Blitz August 1 Early 2023"]
[White "Rosen, Eric"]
[Black "Santos Flores, Alberto"]
[WhiteFideId "2032562"]
[BlackFideId "3601234"]
[WhiteElo "2694"]
[BlackElo "2530"]
[Result "1-0"]
[Round "9"]
[TimeControl "180+1"]
[Date "2023.08.01"]
[WhiteClock "0:00:06"]
[BlackClock "0:00:04"]
[Board "55"]

1. Nf3 d5 2. e3 Nf6 3. c4 c6 4. b3 Bf5 5. Bb2 Nbd7 6. Be2 h6 7. O-O e6 8. cxd5 cxd5 9. d3 Bd6 10. Nbd2 Qe7 11. Rc1 O-O 12. Nd4 Bh7 13. Nb5 Be5 14. Ba3 Qd8 15. Bxf8 Nxf8 16. Nf3 Bb8 17. Qd2 a6 18. Nc3 N8d7 19. Na4 Bd6 20. Rc2 Ng4 21. Rfc1 Nge5 22. g3 Nxf3+ 23. Bxf3 Ne5 24. Be2 Bxd3 25. f4 Bxc2 26. fxe5 Bxe5 27. Rxc2 Qg5 28. Kg2 h5 29. e4 Qg6 30. exd5 h4 31. Bd3 Qg4 32. Qe2 h3+ 33. Kf1 Qd4 34. Qe4 Qa1+ 35. Ke2 exd5 36. Qh7+ Kf8 37. Qh8+ Ke7 38. Qxa8 Qg1 39. Qxb7+ Kf6 40. Rc6+ Kg5 41. Qe7+ Bf6 42. Qe3+ Qxe3+ 43. Kxe3 1-0


[Site "https://www.chess.com"]

[Event "Titled Tuesday Blitz August 1 Early 2023"]
[White "Hua, Lefong"]
[Black "Berezin, Viktor"]
[WhiteFideId "2602253"]
[BlackFideId "14107872"]
[WhiteElo "2663"]
[BlackElo "2530"]
[Result "1/2-1/2"]
[Round "9"]
[TimeControl "180+1"]
[Date "2023.08.01"]
[WhiteClock "0:00:13"]
[BlackClock "0:00:10"]
[Board "56"]

1. d4 Nf6 2. c4 g6 3. Nc3 Bg7 4. e4 d6 5. f4 O-O 6. Nf3 c6 7. Be2 a6 8. O-O b5 9. e5 Ne8 10. Be3 Nd7 11. Qd2 Nb6 12. b3 Bg4 13. Rac1 Rc8 14. Ne4 Bxf3 15. Rxf3 bxc4 16. bxc4 d5 17. Nc5 Nxc4 18. Bxc4 dxc4 19. Qc3 Nc7 20. Qxc4 Nd5 21. Bd2 a5 22. f5 Rb8 23. e6 Rb2 24. Bg5 Nb6 25. exf7+ Rxf7 26. Ne6 Qd5 27. Qxd5 cxd5 28. fxg6 hxg6 29. Rxf7 Kxf7 30. Nd8+ Ke8 31. Ne6 Bf6 32. Bxf6 exf6 33. a3 Nc4 34. Nc7+ Kf7 35. Nxd5 Nd2 36. Rc7+ Ke6 37. Nf4+ Kf5 38. Nd5 Ne4 39. Ne7+ Kg5 40. Kf1 Rf2+ 41. Ke1 Rxg2 42. d5 Rd2 43. Ra7 Rd4 44. Rxa5 Kf4 45. Nc6 Rd3 46. Nb4 Rd4 47. Ra4 Nc3 48. Ra6 Nxd5 49. Nxd5+ Rxd5 50. a4 f5 51. Rxg6 Ra5 52. Rh6 Kg5 53. Rd6 Rxa4 54. Rd2 Re4+ 55. Kf2 Rf4+ 56. Kg2 Rg4+ 57. Kh3 Rh4+ 58. Kg3 Rg4+ 59. Kf3 Rf4+ 60. Ke3 Re4+ 61. Kd3 Re7 62. Rg2+ Kh4 63. Rg8 Kh3 64. Rf8 Kxh2 65. Rxf5 Kg3 66. Kd4 Kg4 67. Re5 Rxe5 68. Kxe5 1/2-1/2


[Site "https://www.chess.com"]

[Event "Titled Tuesday Blitz August 1 Early 2023"]
[White "Ovetchkin, Roman"]
[Black "Erzhanov, Arman"]
[WhiteFideId "4119991"]
[BlackFideId "4138821"]
[WhiteElo "2643"]
[BlackElo "2520"]
[Result "1-0"]
[Round "9"]
[TimeControl "180+1"]
[Date "2023.08.01"]
[WhiteClock "0:00:18"]
[BlackClock "0:00:39"]
[Board "57"]

1. d4 d6 2. e4 Nf6 3. Nc3 c6 4. f4 d5 5. e5 Ng8 6. Nf3 h5 7. Bd3 Nh6 8. O-O g6 9. Ne2 Bg4 10. h3 Bf5 11. b3 e6 12. Be3 h4 13. c4 Be7 14. Rc1 Bxd3 15. Qxd3 Nf5 16. Bf2 Kf8 17. Rc2 Na6 18. Rcc1 Qa5 19. a4 Rd8 20. c5 Kg7 21. Be1 Qc7 22. b4 Nb8 23. b5 Nd7 24. Rc2 Rb8 25. Bd2 Rhc8 26. Rfc1 Qd8 27. Kh2 Qc7 28. Nc3 Qd8 29. Nd1 Ng3 30. Ne3 Ne4 31. Be1 Qh8 32. Ng4 Qh5 33. Qe3 Rh8 34. Nd2 Nxd2 35. Bxd2 Qf5 36. Rb2 Rhc8 37. Qf3 Bf8 38. Ne3 Qd3 39. Rc3 Qe4 40. Qxe4 dxe4 41. a5 a6 42. bxa6 bxa6 43. Rb6 Nxb6 44. axb6 Rb7 45. Nc4 Be7 46. Na5 Rd7 47. Be3 Bd8 48. Rb3 Kf8 49. Kg1 Ke8 50. Kf2 Re7 51. Rb4 Kd7 52. Bd2 Rb8 53. Ke3 Re8 54. Kxe4 Rg8 55. Nc4 g5 56. f5 g4 57. f6 gxh3 58. gxh3 Rg3 59. Ra4 Ra8 60. Nd6 Rxh3 61. Nxf7 Rh2 62. Bf4 Rg2 63. Ra3 a5 64. Rh3 a4 65. Rxh4 a3 66. Rh7 Kc8 67. Nd6+ Kb8 68. Rb7# 1-0


[Site "https://www.chess.com"]

[Event "Titled Tuesday Blitz August 1 Early 2023"]
[White "Molenda, Marcin"]
[Black "Weishaeutel, Moritz"]
[WhiteFideId "1173065"]
[BlackFideId "12967300"]
[WhiteElo "2520"]
[BlackElo "2642"]
[Result "0-1"]
[Round "9"]
[TimeControl "180+1"]
[Date "2023.08.01"]
[WhiteClock "0:01:41"]
[BlackClock "0:01:26"]
[Board "58"]

1. e4 e5 2. Nf3 Nf6 3. Nc3 Nc6 4. d4 exd4 5. Nxd4 Bb4 6. Nxc6 bxc6 7. Bd3 O-O 8. O-O d5 9. exd5 cxd5 10. Bg5 Be7 11. Bxf6 Bxf6 12. Nxd5 Bxb2 13. Rb1 Be5 14. Be4 c6 15. Nb4 Qh4 16. f4 Bxf4 17. Bxc6 Bxh2+ 18. Kh1 Bg3+ 19. Kg1 Qh2# 0-1


[Site "https://www.chess.com"]

[Event "Titled Tuesday Blitz August 1 Early 2023"]
[White "Rosh Jain"]
[Black "Przybylski, Wojciech"]
[WhiteFideId "25789465"]
[BlackFideId "1117599"]
[WhiteElo "2477"]
[BlackElo "2635"]
[Result "0-1"]
[Round "9"]
[TimeControl "180+1"]
[Date "2023.08.01"]
[WhiteClock "0:00:00"]
[BlackClock "0:00:04"]
[Board "59"]

1. e4 e5 2. Nf3 Nc6 3. Bb5 Nf6 4. O-O Nxe4 5. Re1 Nd6 6. Nxe5 Be7 7. Nc3 O-O 8. Bd3 Nxe5 9. Rxe5 Bf6 10. Re3 g6 11. b3 Re8 12. Bb2 Rxe3 13. dxe3 Bg7 14. Rb1 Ne8 15. Ne4 d5 16. Bxg7 Kxg7 17. Ng3 Be6 18. Qe2 Nd6 19. Rd1 Qe7 20. f3 c5 21. c3 Rd8 22. e4 d4 23. Qb2 Ne8 24. cxd4 cxd4 25. Bc4 Bxc4 26. bxc4 Qc5 27. Ne2 Qxc4 28. Rxd4 Rxd4 29. Nxd4 Kg8 30. Nb3 Qb4 31. h3 Qd6 32. Qc2 Nc7 33. a4 b6 34. Kh1 Ne6 35. Qc8+ Kg7 36. Qc3+ f6 37. h4 h5 38. Kg1 Kf7 39. a5 Ke7 40. a6 Qd1+ 41. Kh2 Qd6+ 42. g3 Qa3 43. Qc4 Qa2+ 44. Kh3 Qb2 45. Qb4+ Kf7 46. Qb5 Ke7 47. Qb4+ Nc5 48. Nd4 Qxb4 49. Nc6+ Kd6 50. Nxb4 b5 51. Kg2 Nd7 52. Kf2 Kc5 53. Nd5 b4 54. Ke2 Kc4 55. Kd2 f5 56. Ne3+ Kb3 57. exf5 gxf5 58. Nxf5 Ka2 59. g4 hxg4 60. fxg4 Ne5 61. g5 b3 62. Nd4 b2 63. Nb5 Kb3 64. Nc3 Nf3+ 65. Kd3 Ne1+ 66. Kd4 Nc2+ 67. Kd3 Nb4+ 68. Kd2 Nd5 69. Nb1 Nf4 70. Kd1 Ka2 71. Kc2 Nh5 72. g6 Ng7 73. Nc3+ Ka1 74. Kd3 Nh5 75. Kd4 Nf4 76. Kc5 Nxg6 77. Kc6 Ne7+ 78. Kb7 Nd5 79. Nb1 Kxb1 80. Kxa7 Kc2 81. Kb7 b1=Q+ 82. Kc6 Qb6+ 83. Kxd5 Qxa6 0-1


[Site "https://www.chess.com"]

[Event "Titled Tuesday Blitz August 1 Early 2023"]
[White "EsmeraldasAnderson03"]
[Black "Pham, Le Thao Nguyen"]
[BlackFideId "12401226"]
[WhiteElo "2455"]
[BlackElo "2618"]
[Result "0-1"]
[Round "9"]
[TimeControl "180+1"]
[Date "2023.08.01"]
[WhiteClock "0:00:07"]
[BlackClock "0:00:40"]
[Board "60"]

1. d4 d5 2. Nf3 c6 3. c4 Nf6 4. Nc3 a6 5. cxd5 cxd5 6. Bf4 Nc6 7. e3 Bf5 8. Qb3 Na5 9. Qa4+ b5 10. Qd1 e6 11. Rc1 Rc8 12. Nxb5 axb5 13. Bxb5+ Nd7 14. Ne5 Bb4+ 15. Ke2 O-O 16. Nxd7 e5 17. Nxe5 f6 18. Nf3 Qb6 19. Qa4 Be7 20. b4 Nc4 21. Bxc4 dxc4 22. a3 Bd3+ 23. Kd2 Ra8 24. Qd7 Bxb4+ 25. axb4 Qxb4+ 26. Kd1 Ra2 27. e4 Be2# 0-1


[Site "https://www.chess.com"]

[Event "Titled Tuesday Blitz August 1 Early 2023"]
[White "Bazilius, Augustinas"]
[Black "Cnejev, Vladimir-Alexandru"]
[WhiteFideId "12832251"]
[BlackFideId "1260898"]
[WhiteElo "2439"]
[BlackElo "2584"]
[Result "1/2-1/2"]
[Round "9"]
[TimeControl "180+1"]
[Date "2023.08.01"]
[WhiteClock "0:00:11"]
[BlackClock "0:00:08"]
[Board "61"]

1. d4 g6 2. c4 Nf6 3. Nf3 Bg7 4. g3 O-O 5. Bg2 c6 6. O-O d5 7. cxd5 cxd5 8. Ne5 Nc6 9. Nxc6 bxc6 10. Nc3 Bf5 11. Na4 Ne4 12. f3 Nd6 13. Nc5 e5 14. dxe5 Bxe5 15. Nd3 Qb6+ 16. Kh1 Bd4 17. Bf4 Nc4 18. e4 Be6 19. b3 Ne3 20. Bxe3 Bxe3 21. Qe2 Rad8 22. Rae1 Bh6 23. f4 dxe4 24. Bxe4 Rfe8 25. Ne5 Bg7 26. Nc4 Qc5 27. Qg2 Bd5 28. Ne5 Bxe5 29. Bxd5 Rxd5 30. Qf3 f5 31. Re3 Re7 32. fxe5 Rexe5 33. Rc3 Qd6 34. Rfc1 Rc5 35. Rxc5 Rxc5 36. Rxc5 Qxc5 37. Qf4 Qd5+ 38. Kg1 Qd1+ 39. Kg2 Qc2+ 40. Kh3 Qxa2 41. Qb8+ Kg7 42. Qc7+ Kf6 43. Qd6+ Kf7 44. Qd7+ Kf6 45. Qd6+ Kf7 46. Qd7+ Kf6 47. Qd6+ 1/2-1/2


[Site "https://www.chess.com"]

[Event "Titled Tuesday Blitz August 1 Early 2023"]
[White "Al-Tarboush, Ward"]
[Black "Molina, Roberto Junio Brito"]
[WhiteFideId "7601450"]
[BlackFideId "2109450"]
[WhiteElo "2534"]
[BlackElo "2834"]
[Result "1-0"]
[Round "9"]
[TimeControl "180+1"]
[Date "2023.08.01"]
[WhiteClock "0:00:07"]
[BlackClock "0:00:08"]
[Board "62"]

1. e4 c6 2. Nf3 d5 3. Nc3 dxe4 4. Nxe4 Bg4 5. h3 Bxf3 6. Qxf3 Nd7 7. d4 Ndf6 8. c3 Nxe4 9. Qxe4 Nf6 10. Qf3 Qd5 11. Be2 e6 12. O-O Bd6 13. Be3 Qxf3 14. Bxf3 Nd5 15. Bd2 Bf4 16. Bxf4 Nxf4 17. c4 O-O-O 18. Rad1 Rd7 19. Rd2 Rhd8 20. Rfd1 Kc7 21. Kh2 Ng6 22. b4 Ne5 23. Be2 g5 24. a4 h6 25. a5 Ng6 26. g3 e5 27. d5 cxd5 28. cxd5 Kd6 29. a6 b6 30. Bb5 Rc7 31. Bc6 f5 32. b5 e4 33. Re2 Ne5 34. g4 fxg4 35. Rxe4 gxh3 36. Kxh3 Rf7 37. Rde1 Rf5 38. Kg2 Rdf8 39. R1e2 h5 40. R4e3 g4 41. Kg3 Rf3+ 42. Kh4 R8f5 43. Rxf3 gxf3 44. Re3 Nxc6 45. dxc6 Rxb5 46. Rxf3 Kxc6 47. Rf6+ Kc5 48. Kxh5 Rb2 49. f4 Kb5 50. f5 Kxa6 51. Rc6 Rf2 52. f6 Kb5 53. Re6 a5 54. Kg6 a4 55. Re5+ Kc6 56. Rf5 Rg2+ 57. Kh7 Rh2+ 58. Kg7 Rg2+ 59. Kh7 a3 60. f7 a2 61. f8=Q Rh2+ 62. Kg6 Rg2+ 63. Kh5 a1=Q 64. Qc8+ Kd6 65. Qd8+ Kc6 66. Rf6+ Kb7 67. Qxb6+ Kc8 68. Rf8+ Kd7 69. Rd8+ Ke7 70. Qd6+ Kf7 71. Rf8+ Kg7 72. Qe7# 1-0


[Site "https://www.chess.com"]

[Event "Titled Tuesday Blitz August 1 Early 2023"]
[White "Weetik, Vjacheslav"]
[Black "feuervogel1000000"]
[WhiteFideId "4153472"]
[WhiteElo "2734"]
[BlackElo "2527"]
[Result "1-0"]
[Round "9"]
[TimeControl "180+1"]
[Date "2023.08.01"]
[WhiteClock "0:00:06"]
[BlackClock "0:00:59"]
[Board "63"]

1. d4 Nf6 2. c4 e6 3. g3 d5 4. Nf3 Bb4+ 5. Bd2 Be7 6. Bg2 O-O 7. O-O c6 8. Qc2 b6 9. Rd1 Nbd7 10. Bf4 Ba6 11. b3 Rc8 12. Nc3 dxc4 13. e4 c5 14. d5 exd5 15. e5 d4 16. exf6 Nxf6 17. Ne5 Bd6 18. Nxc4 Bxf4 19. gxf4 Qc7 20. Nd5 Nxd5 21. Bxd5 Qxf4 22. Qe4 Qg5+ 23. Kh1 Rce8 24. Bxf7+ Kxf7 25. Nd6+ Kg8 26. Nxe8 Qd8 27. Qe6+ Kh8 28. Nd6 Qa8+ 29. Kg1 Qf3 30. Rd2 d3 31. Re1 h6 32. Re3 Qf4 33. Qe5 Qh4 34. Rg3 Qf6 35. Qxf6 Rxf6 36. Ne4 Re6 37. f3 Kh7 38. h4 Kg8 39. Kf2 Kf7 40. Ke3 Re7 41. Rdg2 Kf8 42. Rg6 Rd7 43. Rd6 Re7 44. Kd2 Bb5 45. a4 Ba6 46. h5 c4 47. bxc4 Bxc4 48. Rg1 Re5 49. Rc1 Ba6 50. Rc7 Ke8 51. Rxa7 Bc8 52. Rxg7 Rxh5 53. Nf6+ Kf8 54. Nxh5 1-0


[Site "https://www.chess.com"]

[Event "Titled Tuesday Blitz August 1 Early 2023"]
[White "NigelDwarf"]
[Black "Preotu, Razvan"]
[BlackFideId "2613280"]
[WhiteElo "2521"]
[BlackElo "2711"]
[Result "0-1"]
[Round "9"]
[TimeControl "180+1"]
[Date "2023.08.01"]
[WhiteClock "0:00:03"]
[BlackClock "0:00:03"]
[Board "64"]

1. Nf3 c5 2. e4 d6 3. Nc3 Nf6 4. d4 cxd4 5. Nxd4 a6 6. Bg5 e6 7. f4 Be7 8. Qf3 Qc7 9. O-O-O Nbd7 10. Bd3 b5 11. Rhe1 Bb7 12. Qg3 b4 13. Nd5 exd5 14. e5 dxe5 15. fxe5 Nh5 16. Qh4 Bxg5+ 17. Qxg5 g6 18. g4 h6 19. Qh4 Nf4 20. e6 Ne5 21. exf7+ Kxf7 22. Rf1 Kg7 23. Ne6+ Nxe6 24. Qf6+ Kh7 25. Qxe6 Rhf8 26. Rf6 Rxf6 27. Qxf6 Nxd3+ 28. Rxd3 Qg7 29. Qd6 Rf8 30. Re3 Qf6 31. Re7+ Kh8 32. Qd7 Qf1+ 33. Kd2 Rf2+ 34. Ke3 Qe2+ 35. Kd4 Qc4+ 36. Ke5 Qf4+ 37. Ke6 Re2# 0-1


[Site "https://www.chess.com"]

[Event "Titled Tuesday Blitz August 1 Early 2023"]
[White "Fiorito, Joaquin"]
[Black "Gontcharov, Vladislav"]
[WhiteFideId "180173"]
[BlackFideId "4123492"]
[WhiteElo "2704"]
[BlackElo "2533"]
[Result "0-1"]
[Round "9"]
[TimeControl "180+1"]
[Date "2023.08.01"]
[WhiteClock "0:01:08"]
[BlackClock "0:00:10"]
[Board "65"]

1. d4 Nf6 2. Nc3 d5 3. Bf4 c6 4. e3 Bf5 5. f3 e6 6. g4 Bg6 7. h4 h6 8. Qd2 Qa5 9. a3 Nbd7 10. Nh3 b5 11. Bg3 b4 12. Na2 Qb6 13. Nxb4 c5 14. Na6 Rc8 15. c3 cxd4 16. exd4 Be7 17. Nf4 O-O 18. Nb4 Bh7 19. g5 Ne8 20. Bd3 Nd6 21. Bxh7+ Kxh7 22. Qd3+ Nf5 23. Nfxd5 Qd8 24. O-O hxg5 25. hxg5 Bxg5 26. Kg2 Bh6 27. Rae1 Qg5 28. f4 Qxg3+ 29. Qxg3 Nxg3 30. Rf3 Nh5 31. Ne7 Rc7 32. f5 Ndf6 33. Nec6 a5 34. Nxa5 exf5 35. Rxf5 g6 36. Rb5 Nf4+ 37. Kf3 N6h5 38. Nb3 f5 39. Nc5 g5 40. Rb6 g4+ 41. Kf2 Rg7 42. Rh1 g3+ 43. Kf3 g2 44. Rg1 Rg3+ 45. Kf2 Nh3+ 46. Ke2 f4 47. Rb7+ Bg7 48. Ne6 f3+ 49. Kd3 f2+ 50. Kc4 fxg1=Q 51. Nxf8+ Kg8 52. Ne6 Qf1+ 53. Kb3 g1=Q 54. Rb8+ Kh7 55. d5 Qd1+ 56. Kc4 Qgf1+ 57. Kc5 Qf2+ 58. Kb5 Rg6 59. c4 Qb3 60. c5 N3f4 61. Nxf4 Nxf4 62. d6 Ne6 63. Rc8 Rg5 64. d7 Rxc5+ 65. Ka6 Qa4+ 66. Kb7 Qa5 67. Na6 Rb5+ 68. Kc6 Qab6# 0-1


[Site "https://www.chess.com"]

[Event "Titled Tuesday Blitz August 1 Early 2023"]
[White "Shapiro, Viktor"]
[Black "Ardelean, George-Catalin"]
[WhiteFideId "4175700"]
[BlackFideId "1207091"]
[WhiteElo "2520"]
[BlackElo "2700"]
[Result "1/2-1/2"]
[Round "9"]
[TimeControl "180+1"]
[Date "2023.08.01"]
[WhiteClock "0:00:13"]
[BlackClock "0:00:11"]
[Board "66"]

1. c4 e6 2. Nc3 d5 3. d4 a6 4. e3 Nf6 5. Nf3 c5 6. a3 dxc4 7. Bxc4 b5 8. Be2 Bb7 9. O-O Nbd7 10. dxc5 Bxc5 11. b4 Bb6 12. Bb2 Qe7 13. a4 Qxb4 14. Rb1 O-O 15. axb5 a5 16. Na4 Qe7 17. Nxb6 Nxb6 18. Qd4 Nbd5 19. Ne5 Rfc8 20. Rfc1 Rxc1+ 21. Rxc1 a4 22. e4 Nf4 23. Bf3 a3 24. Ba1 Bxe4 25. Nc6 Qb7 26. Qd6 Bxf3 27. Qxf4 Nd5 28. Qxf3 Qxb5 29. Qg3 g6 30. Qe5 f6 31. Qxe6+ Kg7 32. Bxf6+ Nxf6 33. Qe7+ Kh6 34. Qxf6 Qb2 35. Qf4+ Kg7 36. Ne5 Rf8 37. Rc7+ Kg8 38. Qc4+ Kh8 39. h4 Qxf2+ 40. Kh1 Qf1+ 41. Kh2 Qxc4 42. Nxc4 Ra8 43. Nxa3 Rxa3 44. g3 Kg8 45. Kh3 Ra4 46. Rb7 Rc4 47. Kg2 Rc3 48. Kh2 h5 49. Kg2 Kh8 50. Kh2 Kg8 51. Kg2 Kh8 52. Kh2 Kg8 1/2-1/2


[Site "https://www.chess.com"]

[Event "Titled Tuesday Blitz August 1 Early 2023"]
[White "Shubenkova, Veronika"]
[Black "Klukin, Kirill"]
[WhiteFideId "44124040"]
[BlackFideId "24199273"]
[WhiteElo "2518"]
[BlackElo "2687"]
[Result "0-1"]
[Round "9"]
[TimeControl "180+1"]
[Date "2023.08.01"]
[WhiteClock "0:00:59"]
[BlackClock "0:00:17"]
[Board "67"]

1. c4 Nf6 2. Nc3 g6 3. g3 Bg7 4. Bg2 O-O 5. d3 c6 6. e4 e5 7. Nge2 d6 8. O-O Nh5 9. f4 exf4 10. Nxf4 Nxf4 11. gxf4 f5 12. Kh1 Be6 13. Qc2 fxe4 14. Nxe4 Nd7 15. Rb1 Nf6 16. b4 d5 17. Nc5 Qc8 18. Nxe6 Qxe6 19. Bb2 Rfe8 20. Be5 Ng4 21. Bxg7 Kxg7 22. Qc3+ Qf6 23. Qxf6+ Nxf6 24. Rbe1 a6 25. Kg1 d4 26. a4 Ng4 27. Rxe8 Rxe8 28. Be4 Nf6 29. Bg2 Re3 30. Rf3 Re1+ 31. Kf2 Rb1 32. b5 axb5 33. axb5 cxb5 34. f5 g5 35. Rg3 h6 36. h4 g4 37. c5 Rc1 38. Bxb7 b4 39. Rg2 Rxc5 40. Kg3 Rxf5 41. Rb2 Rb5 42. Bc6 Rb6 43. Bg2 h5 44. Bf1 Nd5 45. Bg2 Nc3 46. Kf4 Kf6 47. Be4 b3 48. Bh7 Na4 49. Rf2 b2 50. Ke4+ Kg7 51. Kxd4 b1=Q 0-1


[Site "https://www.chess.com"]

[Event "Titled Tuesday Blitz August 1 Early 2023"]
[White "Kiremitciyan, Ari"]
[Black "Timerkhanov, Alexander"]
[WhiteFideId "6373445"]
[BlackFideId "24177938"]
[WhiteElo "2498"]
[BlackElo "2635"]
[Result "0-1"]
[Round "9"]
[TimeControl "180+1"]
[Date "2023.08.01"]
[WhiteClock "0:00:00"]
[BlackClock "0:01:29"]
[Board "68"]

1. Nf3 d5 2. e3 Bg4 3. c4 c6 4. Nc3 e6 5. d4 Nd7 6. cxd5 exd5 7. Be2 Bd6 8. O-O Ngf6 9. Rb1 O-O 10. b4 b5 11. a4 a6 12. a5 Qe7 13. Ba3 Bf5 14. Bd3 Ne4 15. Bxe4 Bxe4 16. Nxe4 Qxe4 17. Rc1 Rac8 18. Qc2 Qg4 19. h3 Qh5 20. Qd3 f5 21. Rc2 Rf6 22. Kh1 Bb8 23. Rfc1 g5 24. Ng1 g4 25. Qd1 Rg6 26. g3 Re6 27. Kg2 Nf6 28. h4 Ne4 29. Ne2 Qh6 30. Nf4 Bxf4 31. exf4 Qf8 32. Qd3 Qe8 33. Bb2 h5 0-1


[Site "https://www.chess.com"]

[Event "Titled Tuesday Blitz August 1 Early 2023"]
[White "Nareks, Matic"]
[Black "NovoselovRoman"]
[WhiteFideId "14629526"]
[WhiteElo "2494"]
[BlackElo "2611"]
[Result "1/2-1/2"]
[Round "9"]
[TimeControl "180+1"]
[Date "2023.08.01"]
[WhiteClock "0:00:03"]
[BlackClock "0:00:08"]
[Board "69"]

1. e4 d5 2. exd5 Qxd5 3. Nc3 Qd6 4. g3 Nf6 5. Bg2 c6 6. h3 Bf5 7. d3 e6 8. Nge2 Be7 9. O-O O-O 10. Bf4 Qd8 11. Qd2 Nbd7 12. Rad1 Rc8 13. Qc1 Nd5 14. Bd2 Ne5 15. f4 Nd7 16. Kh1 h6 17. g4 Bh7 18. Ng3 Nxc3 19. Bxc3 Bf6 20. Bb4 Re8 21. Nh5 c5 22. Nxf6+ Nxf6 23. Bd2 b6 24. Rde1 c4 25. dxc4 Rxc4 26. c3 Be4 27. Qd1 Qa8 28. Qe2 Bxg2+ 29. Qxg2 Qxg2+ 30. Kxg2 Rd8 31. Bc1 Rc7 32. Rd1 Rcd7 33. Rxd7 Rxd7 34. Kf2 b5 35. Ke2 Nd5 36. Rd1 a6 37. Rd4 Rc7 38. Bd2 Kf8 39. a4 Ke7 40. Kd3 Rb7 41. b3 Nb6 42. axb5 axb5 43. c4 bxc4+ 44. bxc4 Na4 45. h4 f6 46. h5 e5 47. fxe5 fxe5 48. Rd5 Ke6 49. Ra5 Nb2+ 50. Kc3 Nd1+ 51. Kc2 Nf2 52. Ra6+ Kf7 53. Rg6 Rc7 54. Be3 Ne4 55. Kd3 Nf6 56. g5 hxg5 57. Rxg5 Ke6 58. Rg6 Kf5 59. Rg5+ Ke6 60. h6 Rd7+ 61. Kc3 Ne4+ 62. Kc2 Nxg5 63. Bxg5 gxh6 64. Bxh6 Kf5 65. Be3 Ke4 66. Bb6 Rh7 67. c5 Kd5 68. Kd3 Rh3+ 69. Ke2 e4 70. Ba7 Rc3 71. Bb6 Kc4 72. Ba7 Kd5 73. Bb6 Rb3 74. Ba7 Rb2+ 75. Ke3 Rb3+ 76. Ke2 Rc3 1/2-1/2


[Site "https://www.chess.com"]

[Event "Titled Tuesday Blitz August 1 Early 2023"]
[White "Garcia Almaguer, Juan Manuel"]
[Black "Jain Kashish Manoj"]
[WhiteFideId "5110491"]
[BlackFideId "35081098"]
[WhiteElo "2487"]
[BlackElo "2603"]
[Result "0-1"]
[Round "9"]
[TimeControl "180+1"]
[Date "2023.08.01"]
[WhiteClock "0:00:07"]
[BlackClock "0:00:34"]
[Board "70"]

1. e4 c5 2. Nf3 d6 3. d3 Nc6 4. g3 g6 5. Bg2 Bg7 6. O-O e6 7. a4 Nge7 8. c3 O-O 9. Qe2 Rb8 10. Bg5 h6 11. Be3 b6 12. Rd1 d5 13. e5 d4 14. Bd2 Qc7 15. Na3 Nxe5 16. Nxe5 Qxe5 17. Qxe5 Bxe5 18. Bxh6 dxc3 19. bxc3 Rd8 20. Rac1 Bb7 21. Bg5 Bxg2 22. Kxg2 Rd7 23. d4 cxd4 24. cxd4 Bg7 25. Bxe7 Rxe7 26. Nb5 Rd8 27. Rc4 Red7 28. Kf3 a6 29. Nc7 Rc8 30. Rdc1 Rxd4 31. Rxd4 Bxd4 32. Ke4 Bxf2 33. Rc2 Bg1 34. h4 a5 35. Kf3 Bd4 36. Ke4 Bf6 37. Kd3 Be5 0-1


[Site "https://www.chess.com"]

[Event "Titled Tuesday Blitz August 1 Early 2023"]
[White "Kayis, Gulcan Sena"]
[Black "Sturt, Raven"]
[WhiteFideId "34553045"]
[BlackFideId "2007304"]
[WhiteElo "2486"]
[BlackElo "2590"]
[Result "0-1"]
[Round "9"]
[TimeControl "180+1"]
[Date "2023.08.01"]
[WhiteClock "0:01:14"]
[BlackClock "0:00:21"]
[Board "71"]

1. e4 c5 2. c3 Nf6 3. e5 Nd5 4. Nf3 d6 5. d4 cxd4 6. cxd4 Nc6 7. Bc4 Nb6 8. Bb5 dxe5 9. Nxe5 Bd7 10. Nxd7 Qxd7 11. O-O e6 12. Nc3 Rd8 13. a4 Be7 14. Qg4 O-O 15. Rd1 Kh8 16. a5 Nd5 17. Ne4 f5 18. Qh3 fxe4 19. a6 bxa6 20. Rxa6 Ndb4 21. Ra4 Qd5 22. Bxc6 Nxc6 23. Be3 e5 24. Rd2 exd4 25. Bxd4 Bf6 26. Be3 Qb3 27. Ra1 Rxd2 28. Bxd2 Qxh3 29. gxh3 Bxb2 30. Ra4 Bd4 31. Be3 Bxe3 32. fxe3 Re8 33. Kf2 h5 34. Kg3 Kh7 35. Kf4 Kh6 36. Ra6 Re6 37. Kf5 Nd4+ 0-1


[Site "https://www.chess.com"]

[Event "Titled Tuesday Blitz August 1 Early 2023"]
[White "Gaal, Zsoka"]
[Black "Pastar, Slaven"]
[WhiteFideId "777765"]
[BlackFideId "14402718"]
[WhiteElo "2485"]
[BlackElo "2569"]
[Result "0-1"]
[Round "9"]
[TimeControl "180+1"]
[Date "2023.08.01"]
[WhiteClock "0:00:00"]
[BlackClock "0:00:06"]
[Board "72"]

1. Nf3 b6 2. g3 Bb7 3. Bg2 g6 4. O-O Bg7 5. d4 Nf6 6. c4 O-O 7. d5 c6 8. Nc3 cxd5 9. cxd5 Na6 10. e4 Nc5 11. e5 Nfe4 12. Nxe4 Nxe4 13. Re1 Nc5 14. b4 Na6 15. Qb3 Nc7 16. Nd4 d6 17. exd6 Qxd6 18. Bf4 Qd7 19. d6 Bxg2 20. Kxg2 Bxd4 21. Rad1 Ne6 22. Rxe6 Qxe6 23. Qxe6 fxe6 24. Rxd4 exd6 25. Rxd6 Rae8 26. Be5 g5 27. f4 gxf4 28. gxf4 Kf7 29. Rd7+ Re7 30. Rd3 Rg8+ 31. Kf2 Ree8 32. Rd7+ Re7 33. Rd3 Rg4 34. Kf3 h5 35. Ke4 Rg2 36. Rh3 Kg6 37. a4 Rd7 38. Rc3 Rxh2 39. Rc6 Kf7 40. a5 bxa5 41. bxa5 Ra2 42. a6 Ra4+ 43. Ke3 h4 44. Bb8 h3 45. f5 Re7 46. Kf3 Rh4 47. Kg3 h2 48. Kxh4 h1=Q+ 49. Kg5 Qxc6 0-1


[Site "https://www.chess.com"]

[Event "Titled Tuesday Blitz August 1 Early 2023"]
[White "Fontaine, Quentin"]
[Black "Onufrienko, Vladislav"]
[WhiteFideId "230804"]
[BlackFideId "13804332"]
[WhiteElo "2476"]
[BlackElo "2567"]
[Result "0-1"]
[Round "9"]
[TimeControl "180+1"]
[Date "2023.08.01"]
[WhiteClock "0:00:17"]
[BlackClock "0:00:20"]
[Board "73"]

1. Nf3 Nf6 2. g3 d5 3. Bg2 Bg4 4. h3 Bxf3 5. exf3 e5 6. d4 exd4 7. Qxd4 Nc6 8. Qa4 Be7 9. O-O O-O 10. c4 dxc4 11. Qxc4 Qd4 12. Qb3 Qb6 13. Qxb6 axb6 14. Nc3 h6 15. f4 Bc5 16. a3 Rfe8 17. Nb5 Re7 18. Rb1 Ra5 19. Nxc7 Rxc7 20. b4 Ra8 21. bxc5 bxc5 22. Rxb7 Rxb7 23. Bxc6 Rba7 24. Bxa8 Rxa8 25. Bb2 Ne4 26. Rc1 Ra4 27. Kg2 c4 28. Rc2 f5 29. f3 Nc5 30. Bc3 Nd3 31. Bb4 Rxb4 32. axb4 Ne1+ 33. Kf2 Nxc2 34. b5 Nd4 35. b6 Nc6 36. Ke3 Kf7 37. g4 Ke6 38. h4 Kd5 39. h5 Kc5 40. b7 Kb4 41. Kd2 Kb3 42. Kc1 c3 43. Kd1 Kb2 0-1


[Site "https://www.chess.com"]

[Event "Titled Tuesday Blitz August 1 Early 2023"]
[White "Kashlinskaya, Alina"]
[Black "Bochnicka, Vladimir"]
[WhiteFideId "4198026"]
[BlackFideId "14943450"]
[WhiteElo "2564"]
[BlackElo "2468"]
[Result "0-1"]
[Round "9"]
[TimeControl "180+1"]
[Date "2023.08.01"]
[WhiteClock "0:00:09"]
[BlackClock "0:00:10"]
[Board "74"]

1. c4 e5 2. Nc3 Bb4 3. Nd5 Be7 4. g3 Nf6 5. Bg2 O-O 6. Nf3 c6 7. Nxe7+ Qxe7 8. d3 d5 9. O-O h6 10. b3 e4 11. dxe4 dxe4 12. Ne1 c5 13. h3 Nc6 14. Be3 Rd8 15. Qc2 Nd4 16. Qb2 Bf5 17. Kh2 a5 18. Nc2 Nxe2 19. Rae1 Nd4 20. Nxd4 cxd4 21. Bxd4 a4 22. b4 a3 23. Qc3 Ra4 24. Bc5 Qd7 25. Rd1 Qe8 26. Rxd8 Qxd8 27. Qb3 Ra8 28. Rd1 Qc7 29. Bd6 Qc6 30. b5 Qe8 31. Bxa3 e3 32. Re1 e2 33. Bb2 Rd8 34. Bxf6 gxf6 35. Qf3 Bd3 36. Qf4 Qe5 37. Qxe5 fxe5 38. Bd5 Kg7 39. Kg2 b6 40. Kf3 e4+ 41. Ke3 Ra8 42. Bxe4 Bxc4 43. Bf3 Ra3+ 44. Kf4 Rxa2 45. Bc6 Rd2 46. Bf3 Bxb5 47. Ke3 Rd3+ 48. Kf4 Rd4+ 49. Ke3 Rd3+ 50. Kf4 Rd2 51. Ke3 Rb2 52. Bxe2 Bxe2 53. Rxe2 Rxe2+ 54. Kxe2 Kf6 55. Kd3 Ke5 56. f4+ Kf5 57. Ke3 b5 58. g4+ Ke6 59. Kd4 Kf6 60. h4 Kg6 61. f5+ Kf6 62. Ke4 b4 63. h5 Kg5 64. Kd4 Kxg4 65. f6 Kf5 66. Kc4 Kxf6 67. Kxb4 Kg5 68. Kc5 Kxh5 69. Kd4 Kg5 70. Ke4 f5+ 0-1


[Site "https://www.chess.com"]